[Event "Guimaraes Open 2019"]
[Site "Guimaraes"]
[Date "2019.08.29"]
[Round "3.35"]
[White "Silva, Tiago Alexandre Pinh"]
[Black "Dieguez Novoa, Laura"]
[Result "1-0"]
[ECO "C47"]
[WhiteElo "1833"]
[BlackElo "1083"]
[Annotator "NA"]
[PlyCount "51"]
[EventDate "2019.08.28"]
[EventType "swiss"]
[EventCountry "POR"]
[SourceTitle "playchess.com"]
[Source "ChessBase"]
[SourceQuality "1"]
[TimeControl "5400+30"]

1. e4 e5 2. Nf3 Nc6 3. Nc3 Nf6 4. a3 Bc5 5. Nxe5 O-O 6. Nxc6 dxc6 7. Be2 Re8 8. d3 h6 9. O-O Be6 10. Kh1 Qd7 11. Na4 Bd4 12. c3 Bb6 13. Nxb6 cxb6 14. f3 Qd8 15. Qc2 Nh5 16. f4 Qh4 17. Bxh5 Qxh5 18. f5 Bd7 19. Qd1 Qh4 20. Rf4 Qg5 21. Rg4 Qh5 22. Rxg7+ Kxg7 23. Qxh5 Rad8 24. Qxh6+ Kg8 25. f6 Re5 26. Qg7# 1-0

[Event "Guimaraes Open 2019"]
[Site "Guimaraes"]
[Date "2019.08.30"]
[Round "4.5"]
[White "Tilicheev, Viacheslav"]
[Black "Dias, Ivo Rodrigues"]
[Result "1-0"]
[ECO "C07"]
[WhiteElo "2482"]
[BlackElo "2100"]
[Annotator "RC"]
[PlyCount "65"]
[EventDate "2019.08.28"]
[EventType "swiss"]
[EventCountry "POR"]
[SourceTitle "playchess.com"]
[Source "ChessBase"]
[SourceQuality "1"]
[TimeControl "5400+30"]

1. d4 e6 2. e4 d5 3. Nd2 c5 4. Ngf3 Nc6 5. c3 cxd4 6. cxd4 dxe4 7. Nxe4 Bb4+ 8. Bd2 Bxd2+ 9. Qxd2 Nf6 10. Bd3 O-O 11. O-O Bd7 12. Rfe1 Rc8 13. Nxf6+ Qxf6 14. Re4 g6 15. h4 Rfd8 16. Rae1 Be8 17. Bc2 Rd6 18. Bb3 Rcd8 19. d5 Ne7 20. Rf4 Qg7 21. Qb4 Nxd5 22. Bxd5 Rxd5 23. Qxb7 a5 24. Ng5 Rd2 25. Ne4 Rxb2 26. Qc7 Rbb8 27. Nf6+ Kh8 28. Nxe8 Rxe8 29. Rxf7 Qh6 30. Qe5+ Kg8 31. Ra7 Rb4 32. g3 Qf8 33. Qc7 1-0

[Event "Guimaraes Open 2019"]
[Site "Guimaraes"]
[Date "2019.08.30"]
[Round "4.11"]
[White "Marques, Ricardo Taborda Trig"]
[Black "Nieves Cabanes, Javier"]
[Result "1-0"]
[ECO "C01"]
[WhiteElo "1958"]
[BlackElo "2211"]
[Annotator "RC"]
[PlyCount "105"]
[EventDate "2019.08.28"]
[EventType "swiss"]
[EventCountry "POR"]
[SourceTitle "playchess.com"]
[Source "ChessBase"]
[SourceQuality "1"]
[TimeControl "5400+30"]

1. e4 e6 2. d4 d5 3. exd5 exd5 4. Nf3 Bg4 5. h3 Bh5 6. Qe2+ Ne7 7. Nc3 Nbc6 8. Be3 Qd7 9. O-O-O O-O-O 10. g4 Bg6 11. Nh4 f6 12. Nxg6 Nxg6 13. Bg2 Qf7 14. h4 Bb4 15. h5 Nge7 16. Qd3 Kb8 17. f4 Na5 18. a3 Bd6 19. Nb5 Nc4 20. f5 Nc8 21. Nxd6 N8xd6 22. Bf4 Rhe8 23. Rhe1 h6 24. Kb1 Ka8 25. Bc1 c6 26. b3 b5 27. bxc4 Rxe1 28. Rxe1 bxc4 29. Qc3 Rb8+ 30. Ka2 Nb5 31. Qa5 Qc7 32. Bd2 Qg3 33. Bf1 Qd6 34. Rb1 Rb6 35. Qb4 Qh2 36. a4 Qb8 37. Qc5 Qh2 38. Rxb5 cxb5 39. Qxd5+ Kb8 40. Bg2 Kc8 41. Ba5 b4 42. Qg8+ Kc7 43. Qxg7+ Kc8 44. Bxb6 b3+ 45. Ka3 axb6 46. Qb7+ Kd8 47. Qxb6+ Kd7 48. Bc6+ Ke7 49. Qc5+ Kd8 50. Qd5+ Ke7 51. Qe6+ Kf8 52. Qxf6+ Kg8 53. Bd5+ 1-0

[Event "Guimaraes Open 2019"]
[Site "Guimaraes"]
[Date "2019.08.30"]
[Round "4.20"]
[White "Jimenez Martinez, Jose Vicente"]
[Black "Silva, Tiago Alexandre Pinh"]
[Result "1-0"]
[ECO "D55"]
[WhiteElo "2264"]
[BlackElo "1833"]
[Annotator "RC"]
[PlyCount "141"]
[EventDate "2019.08.28"]
[EventType "swiss"]
[EventCountry "POR"]
[SourceTitle "playchess.com"]
[Source "ChessBase"]
[SourceQuality "1"]
[TimeControl "5400+30"]

1. d4 Nf6 2. c4 e6 3. Nc3 d5 4. Nf3 Be7 5. Bg5 O-O 6. e3 b6 7. cxd5 Nxd5 8. Bxe7 Qxe7 9. Nxd5 exd5 10. Rc1 Bb7 11. Bd3 g6 12. h4 c5 13. b3 Nc6 14. Be2 cxd4 15. Nxd4 Qb4+ 16. Qd2 Qxd2+ 17. Kxd2 Nxd4 18. exd4 Rac8 19. Bg4 f5 20. Bf3 Kf7 21. Rhe1 Rfd8 22. h5 Rh8 23. Rh1 g5 24. g3 h6 25. Rhe1 Kf6 26. Rxc8 Rxc8 27. Re5 Rd8 28. Bg2 Ba8 29. Bh3 g4 30. Bg2 Bb7 31. Ke3 Kg5 32. f4+ Kf6 33. Bf1 Bc8 34. Kd2 Be6 35. a4 a5 36. Bd3 Rc8 37. Re1 Rc7 38. Bb5 Bf7 39. Rb1 Bxh5 40. b4 axb4 41. Rxb4 Bf7 42. Bd3 Rc6 43. Ba6 Ke7 44. Rb1 Re6 45. Bd3 Kf6 46. Rc1 Bg6 47. Rc8 Re8 48. Rc7 Re7 49. Rc1 Re6 50. Bc2 Rc6 51. Rb1 Be8 52. Bb3 Bf7 53. Re1 Be6 54. Re5 Rd6 55. Kc3 Ke7 56. Kb4 Kd7 57. Bc2 Rc6 58. Kb3 Rc4 59. Bd3 Rxd4 60. Kc3 Rxd3+ 61. Kxd3 Kd6 62. Kd4 h5 63. Re1 Bd7 64. Rb1 Bxa4 65. Rxb6+ Bc6 66. Ra6 Kc7 67. Kc5 Bd7 68. Rh6 Be8 69. Rh7+ Kd8 70. Kxd5 Bg6 71. Rh6 1-0

[Event "Guimaraes Open 2019"]
[Site "Guimaraes"]
[Date "2019.08.30"]
[Round "4.32"]
[White "Dong, Rafael"]
[Black "Pintor, Simao Maciel Abranch"]
[Result "0-1"]
[ECO "D32"]
[WhiteElo "1432"]
[BlackElo "2076"]
[Annotator "NA RC"]
[PlyCount "102"]
[EventDate "2019.08.28"]
[EventType "swiss"]
[EventCountry "POR"]
[SourceTitle "playchess.com"]
[Source "ChessBase"]
[SourceQuality "1"]
[TimeControl "5400+30"]

1. c4 e6 2. Nc3 d5 3. cxd5 exd5 4. d4 c5 5. Nf3 Nc6 6. Bf4 Nf6 7. e3 cxd4 8. Nxd4 Bb4 9. Nxc6 bxc6 10. Bd3 O-O 11. Qc2 d4 12. exd4 Re8+ 13. Be3 Qxd4 14. O-O Qh4 15. g3 Qh3 16. Bf4 Be6 17. a3 Bc5 18. Kh1 Nd5 19. Nxd5 Bxd5+ 20. f3 Be3 21. Bf5 Qh5 22. Bg4 Qg6 23. Qxg6 fxg6 24. Bd7 Re7 25. Bxe3 Rxe3 26. Kg2 Rf8 27. Rac1 Re2+ 28. Kg1 Rf6 29. b4 Bxf3 30. Rxf3 Rxf3 31. Bg4 Ree3 32. Bxf3 Rxf3 33. a4 Rf6 34. Kg2 g5 35. g4 Rf4 36. Rxc6 Rxg4+ 37. Kf3 Rxb4 38. Ra6 Rb7 39. Ke4 g6 40. Ke5 Kg7 41. Ra5 Rf7 42. Ke6 g4 43. Kd6 h5 44. Rb5 Rf2 45. Rb7+ Kf6 46. Rxa7 Rd2+ 47. Kc5 Rxh2 48. Rb7 Ra2 49. Rb4 g3 50. Kb5 g2 51. Rb1 h4 0-1

[Event "Guimaraes Open 2019"]
[Site "Guimaraes"]
[Date "2019.08.30"]
[Round "4.33"]
[White "Sanleon Pravisano, Nieves"]
[Black "Pinto, Andre Jorge Pimparel"]
[Result "1-0"]
[ECO "D18"]
[WhiteElo "1995"]
[BlackElo "1386"]
[Annotator "NA RC"]
[PlyCount "71"]
[EventDate "2019.08.28"]
[EventType "swiss"]
[EventCountry "POR"]
[SourceTitle "playchess.com"]
[Source "ChessBase"]
[SourceQuality "1"]
[TimeControl "5400+30"]

1. d4 d5 2. c4 c6 3. Nf3 Nf6 4. Nc3 dxc4 5. a4 Bf5 6. e3 Bd3 7. Bxd3 cxd3 8. Qxd3 e6 9. O-O Be7 {[%emt 0:07:22] D18: Slav Defence: 5 a4 Bf5 6 e3} 10. Rd1 O-O 11. e4 a5 12. Bg5 Na6 13. Bxf6 $146 ({Predecessor:} 13. Rac1 Nb4 14. Qd2 Qb6 15. d5 Rfd8 16. Qe2 Qa6 17. Qxa6 Nxa6 {1-0 (33) Moradiabadi,E (2439)-Ibrahimov,R (2501) Teheran 2005}) 13... Bxf6 14. e5 Be7 15. Qe4 Qb6 16. Qg4 Nb4 17. Ne4 Nd5 18. Nfd2 Qb4 19. Ra3 b5 20. Rg3 g6 $17 21. h4 h5 22. Qxh5 Qxa4 23. Qg4 Bxh4 24. b3 Qxd4 25. Nf6+ Nxf6 26. Qxd4 Bxg3 27. exf6 e5 28. Qg4 Bf4 29. Ne4 Rfd8 30. g3 Bh6 31. Rxd8+ Rxd8 32. Qh4 Bc1 33. g4 Rd4 34. g5 Bxg5 35. Qxg5 Kf8 36. Qxe5 1-0

[Event "Guimaraes Open 2019"]
[Site "Guimaraes"]
[Date "2019.08.30"]
[Round "4.34"]
[White "Lopez Diaz, Pablo"]
[Black "Pinheiro, Albano"]
[Result "0-1"]
[ECO "A52"]
[WhiteElo "1340"]
[BlackElo "1989"]
[Annotator "NA RC"]
[PlyCount "87"]
[EventDate "2019.08.28"]
[EventType "swiss"]
[EventCountry "POR"]
[SourceTitle "playchess.com"]
[Source "ChessBase"]
[SourceQuality "1"]
[TimeControl "5400+30"]

1. d4 Nf6 2. c4 e5 3. dxe5 Ng4 4. Bf4 Bb4+ 5. Nd2 Nc6 6. Ngf3 Qe7 7. e4 {[%emt 0:02:35] A52: Budapest Gambit} (7. a3 Ngxe5 8. Nxe5 Nxe5 9. e3 Bxd2+ 10. Qxd2 O-O 11. c5 Rd8 12. Qd5 d6 13. cxd6 cxd6 14. Be2 Be6 15. Qd2 Bc4 16. Bxc4 Nxc4 17. Qd4 d5 18. O-O Na5 {½-½ (30) Tari,A (2595)-Maghsoodloo,P (2584) Kocaeli 2017}) 7... Ngxe5 8. Nxe5 Nxe5 9. a3 Bxd2+ 10. Qxd2 d6 11. Bd3 O-O $146 ({Predecessor:} 11... Nxd3+ 12. Qxd3 O-O 13. O-O Re8 14. Rad1 Qxe4 {½-½ (14) Adamicka,R (1578)-Roth,P (1616) Slovakia 2000}) 12. O-O Re8 13. Rfe1 Qf6 14. Bg3 Nxd3 15. Qxd3 Qxb2 16. e5 dxe5 17. Rab1 Qa2 18. Bxe5 Be6 19. Qg3 g6 20. Qg5 Bf5 21. Rbc1 Rxe5 22. Rxe5 Be6 23. Qf6 Qxa3 24. Rce1 Qd6 25. h4 Re8 $14 26. h5 Qd8 27. Qf3 b6 28. h6 Qh4 29. Qe3 Qe7 30. f4 Qf6 31. Qc3 Rf8 32. Rf1 Bg4 (32... a5 $142) 33. Rfe1 Be6 34. Qe3 Kh8 35. g4 Qh4 36. g5 Qg4+ 37. Kf2 Qh4+ 38. Ke2 Qh2+ 39. Kd1 Rd8+ 40. Kc1 Qa2 41. Qc3 Qxc4 42. Rxe6+ Qxc3+ 43. Kb1 Qxe1+ 44. Rxe1 0-1

[Event "Guimaraes Open 2019"]
[Site "Guimaraes"]
[Date "2019.08.30"]
[Round "4.35"]
[White "Martins, Diogo Faria Oliveira"]
[Black "Silva, Jose Lucas Ferreira"]
[Result "1-0"]
[ECO "A00"]
[WhiteElo "1984"]
[BlackElo "1261"]
[Annotator "NA RC"]
[PlyCount "83"]
[EventDate "2019.08.28"]
[EventType "swiss"]
[EventCountry "POR"]
[SourceTitle "playchess.com"]
[Source "ChessBase"]
[SourceQuality "1"]
[TimeControl "5400+30"]

1. g3 e5 2. Bg2 d5 3. c4 Nf6 4. cxd5 Nxd5 5. Nc3 Be6 6. Nf3 Nc6 7. O-O g6 8. d4 Bg7 9. dxe5 Nxc3 10. bxc3 Nxe5 11. Nxe5 Bxe5 12. Bxb7 Qxd1 13. Rxd1 Rb8 14. Bc6+ Ke7 15. Ba3+ Kf6 16. Bb4 Rhd8 17. e4 Bd6 18. a3 Bxb4 19. axb4 Rxd1+ 20. Rxd1 Rb6 21. Bd5 Rd6 22. f4 Ke7 23. Rd4 c6 24. Bxe6 Rxd4 25. cxd4 Kxe6 26. Kf2 f5 27. e5 h6 28. Ke3 Kd5 29. Kd3 g5 30. Kc3 a6 31. Kd3 g4 32. Kc3 h5 33. Kd3 Ke6 34. Kc4 Kd7 35. Kc5 Kc7 36. e6 Kd8 37. Kd6 Ke8 38. e7 c5 39. dxc5 a5 40. bxa5 h4 41. gxh4 g3 42. hxg3 1-0

[Event "Guimaraes Open 2019"]
[Site "Guimaraes"]
[Date "2019.08.30"]
[Round "4.36"]
[White "Dieguez Novoa, Benjamin"]
[Black "Gonzalez Eiris, Daniel"]
[Result "0-1"]
[ECO "B50"]
[WhiteElo "1333"]
[BlackElo "1977"]
[Annotator "NA RC"]
[PlyCount "84"]
[EventDate "2019.08.28"]
[EventType "swiss"]
[EventCountry "POR"]
[SourceTitle "playchess.com"]
[Source "ChessBase"]
[SourceQuality "1"]
[TimeControl "5400+30"]

1. e4 c5 2. Nf3 d6 3. g3 Nf6 4. d3 Nc6 5. Bg2 g6 6. O-O Bg7 7. Nc3 O-O 8. Be3 Ng4 9. Qd2 Rb8 10. a4 a6 11. Rab1 Nxe3 12. fxe3 Bg4 13. Nd5 e6 14. Nf4 Bxf3 15. Rxf3 b5 16. axb5 axb5 17. Rff1 h5 18. Qf2 b4 19. b3 Nd4 20. Kh1 Nb5 21. Ne2 Ra8 22. Rfc1 Na3 23. e5 Nxb1 24. Bxa8 Qxa8+ 25. e4 Nc3 26. Nxc3 bxc3 27. exd6 Bd4 28. Qf4 Qd8 29. Ra1 e5 30. Qf3 Qxd6 31. Ra4 Qc6 32. g4 hxg4 33. Qxg4 Ra8 34. Rxa8+ Qxa8 35. h4 Qa1+ 36. Kh2 Qc1 37. Qg2 Qf4+ 38. Kh3 Bf2 39. Qg5 Qf3+ 40. Kh2 Be3 41. Qg2 Bf4+ 42. Kh1 Qd1+ 0-1

[Event "Guimaraes Open 2019"]
[Site "Guimaraes"]
[Date "2019.08.30"]
[Round "4.38"]
[White "Perez Sousa, Jose Maria"]
[Black "Reis, Angelica Mufato"]
[Result "1-0"]
[ECO "A38"]
[WhiteElo "1809"]
[BlackElo "1444"]
[Annotator "NA RC"]
[PlyCount "67"]
[EventDate "2019.08.28"]
[EventType "swiss"]
[EventCountry "POR"]
[SourceTitle "playchess.com"]
[Source "ChessBase"]
[SourceQuality "1"]
[TimeControl "5400+30"]

1. c4 c5 2. d3 Nf6 3. Nf3 Nc6 4. g3 g6 5. Bg2 Bg7 6. O-O O-O 7. Nc3 d6 8. Bg5 Bd7 9. Qd2 Rb8 10. Rab1 a6 11. Bh6 e6 12. Bxg7 Kxg7 13. Qe3 Re8 14. a3 a5 15. Nb5 a4 16. Nxd6 Re7 17. Qxc5 b6 18. Qe3 Na5 19. Nb5 Bxb5 20. cxb5 Nd5 21. Qe5+ Kg8 22. Qg5 Qe8 23. Qh6 f6 24. Qh4 Qxb5 25. e4 Nc7 26. Qxf6 Rf7 27. Qh4 Qxd3 28. Ng5 Rg7 29. Qg4 e5 30. Ne6 Re7 31. Nxc7 Rxc7 32. Qe6+ Kf8 33. Rfd1 Qb5 34. Qd6+ 1-0

[Event "Guimaraes Open 2019"]
[Site "Guimaraes"]
[Date "2019.08.31"]
[Round "5.1"]
[White "Grigoryan, Karen H."]
[Black "Schou, Bjorn A"]
[Result "1-0"]
[ECO "B42"]
[WhiteElo "2562"]
[BlackElo "1257"]
[Annotator "ChessBase"]
[PlyCount "145"]
[EventDate "2019.08.28"]
[EventType "swiss"]
[EventCountry "POR"]
[SourceTitle "playchess.com"]
[Source "ChessBase"]
[SourceQuality "1"]
[TimeControl "5400+30"]

1. e4 c5 2. Nf3 e6 3. d4 cxd4 4. Nxd4 a6 5. Bd3 Bc5 6. Nb3 Ba7 7. Qe2 Nc6 8. Be3 d6 9. Nc3 Nf6 10. O-O-O e5 11. Bxa7 Rxa7 12. Qd2 O-O 13. Be2 Ne8 14. f4 exf4 15. Qxf4 Qe7 16. Nd5 Qd8 17. g4 Be6 18. g5 a5 19. Nd4 Bxd5 20. exd5 Nxd4 21. Rxd4 b6 22. h4 Re7 23. Bb5 Re5 24. Bc6 Qe7 25. Rdd1 f6 26. g6 hxg6 27. Qf2 f5 28. Qxb6 Nf6 29. Qxa5 f4 30. Qc3 Ne4 31. Qf3 Ng3 32. Rh2 Re3 33. Qg4 Qf6 34. Bb5 Rb8 35. a4 Kh8 36. Qg5 Qf7 37. Bd3 Qb7 38. Bb5 Re4 39. h5 gxh5 40. Rxh5+ Nxh5 41. Qxh5+ Kg8 42. Qg6 Qe7 43. Bd7 Qxd7 44. Qxe4 Rf8 45. Qe6+ Qxe6 46. dxe6 Rf5 47. Rxd6 Kf8 48. Kd2 g5 49. c4 g4 50. Rd5 Rf6 51. Rg5 g3 52. Ke2 Rxe6+ 53. Kf3 Rb6 54. Kxf4 Rxb2 55. Ke5 g2 56. Kd6 Rd2+ 57. Kc6 Rf2 58. c5 Ke7 59. a5 Ra2 60. Kb6 Rb2+ 61. Kc7 Rb5 62. Kc6 Rb2 63. a6 Ra2 64. Kb7 Rb2+ 65. Kc7 Ra2 66. c6 Kf6 67. Rg8 Ke7 68. Kb7 Kd6 69. Rg6+ Ke7 70. a7 Rb2+ 71. Kc8 Ra2 72. Rxg2 Ra1 73. Rb2 1-0

[Event "Guimaraes Open 2019"]
[Site "Guimaraes"]
[Date "2019.08.31"]
[Round "5.2"]
[White "Chueca Forcen, Alberto"]
[Black "Martinez Duany, Lelys Stanley"]
[Result "0-1"]
[ECO "A41"]
[WhiteElo "2355"]
[BlackElo "2526"]
[Annotator "ChessBase"]
[PlyCount "78"]
[EventDate "2019.08.28"]
[EventType "swiss"]
[EventCountry "POR"]
[SourceTitle "playchess.com"]
[Source "ChessBase"]
[SourceQuality "1"]
[TimeControl "5400+30"]

1. d4 d6 2. Nf3 g6 3. c4 Bg7 4. Nc3 Bg4 5. g3 Bxf3 6. exf3 c6 7. Be3 Nd7 8. f4 Nh6 9. Bd3 O-O 10. Qf3 e6 11. d5 Nc5 12. Bc2 Qb6 13. O-O-O cxd5 14. cxd5 Rac8 15. dxe6 fxe6 16. Bd4 Bxd4 17. Rxd4 Nf5 18. Bxf5 gxf5 19. Rhd1 d5 20. g4 Kh8 21. gxf5 Rxf5 22. Kb1 Qc7 23. Nb5 Qd7 24. Nxa7 Rc7 25. Qc3 Ne4 26. Qb4 Nd6 27. a4 b6 28. Nb5 Nxb5 29. axb5 Rc5 30. Qa3 Rf8 31. Ra4 Qg7 32. Ra7 Qg6+ 33. Ka2 Rf7 34. Ra8+ Kg7 35. Qe3 Rxb5 36. Qe5+ Qf6 37. Rg8+ Kxg8 38. Rg1+ Kh8 39. Rd1 Rf8 0-1

[Event "Guimaraes Open 2019"]
[Site "Guimaraes"]
[Date "2019.08.31"]
[Round "5.3"]
[White "Martin Duque, Jesus"]
[Black "Tilicheev, Viacheslav"]
[Result "1-0"]
[ECO "B40"]
[WhiteElo "2353"]
[BlackElo "2482"]
[Annotator "ChessBase"]
[PlyCount "101"]
[EventDate "2019.08.28"]
[EventType "swiss"]
[EventCountry "POR"]
[SourceTitle "playchess.com"]
[Source "ChessBase"]
[SourceQuality "1"]
[TimeControl "5400+30"]

1. e4 c5 2. Nf3 e6 3. d4 cxd4 4. Nxd4 Nf6 5. Nc3 Nc6 6. Ndb5 Bc5 7. Bf4 O-O 8. Bc7 Qe7 9. Bd6 Bxd6 10. Qxd6 Qd8 11. Qc7 d5 12. exd5 exd5 13. O-O-O d4 14. Ne2 Qd5 15. Nexd4 Qxa2 16. Nb3 Qa4 17. Nc3 Qb4 18. Bb5 Be6 19. Qxb7 Na5 20. Nxa5 Qxa5 21. Qa6 Qc7 22. Qd6 Qa5 23. Qa6 Qb4 24. Qa4 Qc5 25. Qd4 Qc8 26. f3 Rb8 27. Qxa7 Ra8 28. Qb6 Bf5 29. Kb1 Bg6 30. g4 h6 31. Rd6 Nxg4 32. fxg4 Qxg4 33. Rg1 Qh5 34. Qd4 Ra5 35. Rd8 Ra8 36. Rxf8+ Rxf8 37. Bd3 Qxh2 38. Nd5 Kh7 39. Ne7 Rd8 40. Qxd8 Qxg1+ 41. Ka2 Qa7+ 42. Kb3 h5 43. Nxg6 fxg6 44. Qg5 Qf7+ 45. Kc3 Qc7+ 46. Kd2 Qh2+ 47. Ke3 Qh3+ 48. Kf2 Qh2+ 49. Qg2 Qf4+ 50. Ke2 Qf6 51. b4 1-0

[Event "Guimaraes Open 2019"]
[Site "Guimaraes"]
[Date "2019.08.31"]
[Round "5.4"]
[White "Lizak, Peter"]
[Black "Lara Lopez, Sergio"]
[Result "1-0"]
[ECO "D00"]
[WhiteElo "2448"]
[BlackElo "2226"]
[Annotator "NA"]
[PlyCount "103"]
[EventDate "2019.08.28"]
[EventType "swiss"]
[EventCountry "POR"]
[SourceTitle "playchess.com"]
[Source "ChessBase"]
[SourceQuality "1"]
[TimeControl "5400+30"]

1. d4 d5 2. Nc3 Nf6 3. Bf4 e6 4. Nb5 Na6 5. a3 c6 6. Nc3 Bd6 7. e3 Bxf4 8. exf4 Nb8 9. Nf3 Qd6 10. Ne5 c5 11. Nb5 Qe7 12. dxc5 Qxc5 13. c4 Ne4 14. Qc2 Na6 15. Bd3 f5 16. cxd5 Qxc2 17. Bxc2 exd5 18. f3 Nf6 19. Nd6+ Ke7 20. Nxf5+ Bxf5 21. Bxf5 g6 22. Bh3 Rhd8 23. Rc1 d4 24. Kd2 Rd5 25. Rhe1 Kf8 26. b4 Re8 27. g3 Re7 28. Bf1 Kg7 29. Rc8 Rd6 30. Rec1 Ne8 31. Ra8 Nac7 32. Rxa7 Nd5 33. Rc8 g5 34. Nc4 Ne3 35. Bd3 Rh6 36. Be4 Nxc4+ 37. Rxc4 Nd6 38. Rc5 gxf4 39. gxf4 Rxh2+ 40. Kd3 Rh4 41. Re5 Rf7 42. f5 Rf4 43. Raa5 b5 44. Ra6 Nxf5 45. Rxb5 Nh4 46. Rg5+ Ng6 47. Kxd4 Rh4 48. Ke3 Re7 49. Kf2 Kh6 50. Rg2 Rg7 51. b5 Rh1 52. b6 1-0

[Event "Guimaraes Open 2019"]
[Site "Guimaraes"]
[Date "2019.08.31"]
[Round "5.5"]
[White "Costa, Paulo Jorge Lopes Da"]
[Black "Lopez Mulet, Inigo"]
[Result "0-1"]
[ECO "A30"]
[WhiteElo "2186"]
[BlackElo "2397"]
[Annotator "NA"]
[PlyCount "134"]
[EventDate "2019.08.28"]
[EventType "swiss"]
[EventCountry "POR"]
[SourceTitle "playchess.com"]
[Source "ChessBase"]
[SourceQuality "1"]
[TimeControl "5400+30"]

1. c4 c5 2. Nf3 Nc6 3. g3 g6 4. Bg2 Bg7 5. O-O d6 6. Nc3 Bf5 7. d3 Qd7 8. a3 Bh3 9. Nd5 Rc8 10. Rb1 Nf6 11. Bxh3 Qxh3 12. Nf4 Qd7 13. b4 h6 14. bxc5 dxc5 15. Bb2 O-O 16. h4 Rcd8 17. Qb3 b6 18. Qb5 Rfe8 19. Ne5 Nxe5 20. Bxe5 Qf5 21. Bxf6 Bxf6 22. Nd5 Bd4 23. Kg2 g5 24. hxg5 hxg5 25. Qc6 Kg7 26. Ne3 Qg6 27. Qxg6+ Kxg6 28. Nd5 Rd7 29. Rfc1 f5 30. Nc3 e6 31. Nb5 Be5 32. a4 g4 33. Na3 Kg5 34. Rh1 Rf8 35. f4+ gxf3+ 36. Kxf3 Rg7 37. Rh3 Rfg8 38. Rg1 Kf6 39. Nc2 Bb8 40. e3 Rg4 41. Rg2 Rd8 42. Rd2 Rxc4 43. Rh6+ Kg7 44. Rxe6 Rg4 45. Rg2 Rxd3 46. Re7+ Kf6 47. Rb7 Rd8 48. a5 Rg7 49. Rxg7 Kxg7 50. g4 fxg4+ 51. Rxg4+ Kf6 52. e4 Rd3+ 53. Ke2 Rh3 54. Rg8 Bf4 55. Rf8+ Ke5 56. Re8+ Kd6 57. Ra8 Kc6 58. Rxa7 Rh2+ 59. Kf3 Bb8 60. Ra6 Rxc2 61. Rxb6+ Kc7 62. Rb5 Ba7 63. e5 Kc6 64. Rb1 c4 65. Ke4 Re2+ 66. Kf5 c3 67. Rc1 c2 0-1

[Event "Guimaraes Open 2019"]
[Site "Guimaraes"]
[Date "2019.08.31"]
[Round "5.6"]
[White "Pipiras, Filipa Fortuna"]
[Black "Portela Peleteiro, Alberto"]
[Result "0-1"]
[ECO "D31"]
[WhiteElo "1959"]
[BlackElo "2375"]
[Annotator "NA"]
[PlyCount "118"]
[EventDate "2019.08.28"]
[EventType "swiss"]
[EventCountry "POR"]
[SourceTitle "playchess.com"]
[Source "ChessBase"]
[SourceQuality "1"]
[TimeControl "5400+30"]

1. d4 d5 2. c4 e6 3. Nc3 c6 4. Bf4 dxc4 5. a4 Bb4 6. e3 Nf6 7. Bxc4 Nd5 8. Nge2 Nxf4 9. exf4 b6 10. O-O O-O 11. Bd3 Bb7 12. Qc2 g6 13. Rfd1 Nd7 14. Ne4 Rc8 15. Qb3 Qe7 16. Rac1 a5 17. N2c3 c5 18. dxc5 bxc5 19. Bb5 Nb6 20. Nd6 Rcd8 21. Nxb7 Qxb7 22. g3 Rd4 23. Ne2 Rxd1+ 24. Rxd1 Rc8 25. Qc2 c4 26. Nc3 Qf3 27. Qe4 Qxe4 28. Nxe4 Kg7 29. Kf1 Nd5 30. Rd4 c3 31. bxc3 Bxc3 32. Rc4 Rxc4 33. Bxc4 Bb4 34. Bb5 h6 35. Ke2 f5 36. Nd2 Kf6 37. Bc6 Bxd2 38. Kxd2 Nb4 39. Be8 g5 40. fxg5+ hxg5 41. h4 gxh4 42. gxh4 Nd5 43. h5 Kg5 44. Kd3 Nf6 45. Bf7 e5 46. Kc4 Ne4 47. Kd5 Kf6 48. Be8 Nxf2 49. h6 e4 50. Kd4 Ng4 51. h7 Kg7 52. Bg6 e3 53. Bxf5 e2 54. Bxg4 e1=Q 55. Kd5 Qd2+ 56. Ke6 Qe3+ 57. Kf5 Qd4 58. Kg5 Qxa4 59. Bf5 Qb4 0-1

[Event "Guimaraes Open 2019"]
[Site "Guimaraes"]
[Date "2019.08.31"]
[Round "5.7"]
[White "Galego, Luis Miguel A Brito"]
[Black "Marques, Ricardo Taborda Trig"]
[Result "1-0"]
[ECO "C65"]
[WhiteElo "2506"]
[BlackElo "1958"]
[Annotator "ChessBase"]
[PlyCount "58"]
[EventDate "2019.08.28"]
[EventType "swiss"]
[EventCountry "POR"]
[SourceTitle "playchess.com"]
[Source "ChessBase"]
[SourceQuality "1"]
[TimeControl "5400+30"]

1. e4 e5 2. Nf3 Nc6 3. Bb5 Nf6 4. d3 Bc5 5. c3 O-O 6. O-O d6 7. h3 a6 8. Bxc6 bxc6 9. Re1 Ba7 10. Be3 Re8 11. Bxa7 Rxa7 12. Nbd2 c5 13. Rc1 Rb7 14. Qc2 Nh5 15. Re3 Nf4 16. Kh2 Qf6 17. a3 Qh6 18. Ng1 g5 19. b4 g4 20. bxc5 dxc5 21. Nc4 Re6 22. Rb1 Rg6 23. Rxb7 Bxb7 24. Qb2 Bc6 25. Qb8+ Kg7 26. Qxc7 Nxg2 27. Qxe5+ Kf8 28. Kxg2 gxh3+ 29. Kh1 h2 1-0

[Event "Guimaraes Open 2019"]
[Site "Guimaraes"]
[Date "2019.08.31"]
[Round "5.8"]
[White "De Prado Rodriguez, Oscar Bruno"]
[Black "Espineira Gonzalez, Diego"]
[Result "0-1"]
[ECO "A43"]
[WhiteElo "2155"]
[BlackElo "2362"]
[Annotator "NA"]
[PlyCount "106"]
[EventDate "2019.08.28"]
[EventType "swiss"]
[EventCountry "POR"]
[SourceTitle "playchess.com"]
[Source "ChessBase"]
[SourceQuality "1"]
[TimeControl "5400+30"]

1. d4 c5 2. c3 d5 3. Bf4 Nc6 4. e3 Nf6 5. Nd2 e6 6. Ngf3 cxd4 7. exd4 Nh5 8. Be3 Bd6 9. g3 Nf6 10. Bd3 Ng4 11. Bg5 f6 12. Ng1 Nxf2 13. Kxf2 fxg5 14. Qh5+ Kd7 15. Ngf3 h6 16. Rae1 Kc7 17. Kg2 Bd7 18. b4 Rc8 19. Nb3 Kb8 20. Nc5 Bxc5 21. dxc5 a6 22. a4 e5 23. Nxe5 Nxe5 24. Rxe5 Bxa4 25. Rhe1 Qf6 26. Bf5 Rcd8 27. Qg4 d4 28. cxd4 Bc6+ 29. Kg1 g6 30. Bd3 Rhf8 31. Rf1 Bf3 32. Qe6 Rxd4 33. Bxg6 Rd2 34. Qxf6 Rxf6 35. Re8+ Ka7 36. b5 Rg2+ 37. Kh1 Rf2+ 38. Kg1 Rxf1+ 39. Kxf1 Bc6+ 40. Kg1 Bxe8 41. b6+ Kb8 42. Bxe8 Rf5 43. c6 bxc6 44. Bxc6 Rf6 45. Be8 Rxb6 46. Kg2 Kc7 47. Kh3 a5 48. Kg4 Kd6 49. Kh5 Kc5 50. h4 gxh4 51. gxh4 Kb4 52. Bg6 a4 53. Kxh6 a3 0-1

[Event "Guimaraes Open 2019"]
[Site "Guimaraes"]
[Date "2019.08.31"]
[Round "5.9"]
[White "Patino Romaris, Juan Roberto"]
[Black "Veiga, Jose Francisco Reis"]
[Result "0-1"]
[ECO "A05"]
[WhiteElo "2141"]
[BlackElo "2346"]
[Annotator "NA"]
[PlyCount "116"]
[EventDate "2019.08.28"]
[EventType "swiss"]
[EventCountry "POR"]
[SourceTitle "playchess.com"]
[Source "ChessBase"]
[SourceQuality "1"]
[TimeControl "5400+30"]

1. Nf3 Nf6 2. g3 c5 3. Bg2 e6 4. O-O Be7 5. d3 O-O 6. e4 d6 7. Re1 Nc6 8. c3 e5 9. Nbd2 Rb8 10. a4 a6 11. Nc4 b5 12. axb5 axb5 13. Ne3 Re8 14. Nh4 g6 15. Nf3 Bf8 16. h3 Bg7 17. Nh2 Be6 18. Nhg4 Nxg4 19. hxg4 Ne7 20. Nd5 Qd7 21. g5 Nxd5 22. exd5 Bf5 23. Be4 Ra8 24. Be3 Rxa1 25. Qxa1 Qb7 26. Qd1 Bd7 27. Kg2 Ra8 28. Rh1 c4 29. Qe2 Ra4 30. Bd2 Ra2 31. Rb1 Bf8 32. Qf3 Be7 33. Qe2 Ra4 34. Qf3 cxd3 35. Rh1 Rxe4 36. Qxe4 Be6 37. f3 Bxd5 38. Qxd3 e4 39. Qd4 e3 40. Qxe3 Bxg5 41. Qe8+ Kg7 42. Rxh7+ Kxh7 43. Bxg5 Bxf3+ 44. Kf2 Bh1 45. Ke1 Qa7 46. Ke2 Qb7 47. Ke1 Qf3 48. Bf4 Qd5 49. Qe7 Bf3 50. Kf2 Bh1 51. Qxd6 Qg2+ 52. Ke1 Qxb2 53. Be5 Bf3 54. Qd2 Qb1+ 55. Kf2 Qh1 56. Qe1 Qg2+ 57. Ke3 Bd5 58. Bd4 b4 0-1